 Dungeon Crawl Stone Soup version 0.22.0-49-gab54619 (webtiles) character file.

168 Merlin the Chopper (level 5, -1/42 HPs)
             Began as a Hill Orc Monk on Sept 7, 2018.
             Was a Follower of Beogh.
             Killed by divine providence
             ... invoked by an orc priest
              (9 damage)
             ... on level 3 of the Dungeon.
             The game lasted 00:12:00 (2473 turns).

Merlin the Chopper (Hill Orc Monk)                  Turns: 2473, Time: 00:12:01

Health: -1/42      AC:  9    Str: 15    XL:     5   Next: 49%
Magic:  5/5        EV:  7    Int: 10    God:    Beogh [*.....]
Gold:   76         SH:  0    Dex: 13    Spells: 4/4 levels left

rFire    . . .     SeeInvis .   a - +0 hand axe
rCold    . . .     Gourm    .   (no shield)
rNeg     . . .     Faith    .   h - +0 chain mail
rPois    .         Spirit   .   (no helmet)
rElec    .         Reflect  .   (no cloak)
rCorr    .         Harm     .   i - +0 pair of gloves
MR       .....                  (no boots)
Stlth    ..........             (no amulet)
HPRegen  0.00/turn              (no ring)
MPRegen  0.09/turn              (no ring)

@: no status effects
A: blink, frail 1, inhibited regeneration
a: Blink, Renounce Religion


You were on level 3 of the Dungeon.
You worshipped Beogh.
Beogh was aware of your devotion.
You were not hungry.

You visited 1 branch of the dungeon, and saw 3 of its levels.

You collected 76 gold pieces.

Inventory:

Hand Weapons
 a - a +0 hand axe (weapon)
 d - a +1 short sword of speed
 q - a +0 spear
Missiles
 m - 3 javelins (quivered)
Armour
 b - a +0 robe
 f - a +0 leather armour
 h - a +0 chain mail (worn)
 i - a +0 pair of gloves (worn)
 w - a +0 ring mail
Scrolls
 e - 3 scrolls of identify
 g - 2 scrolls of teleportation
 k - a scroll of enchant armour {unknown}
 n - 2 scrolls of amnesia {unknown}
 o - 4 scrolls of remove curse {unknown}
 p - a scroll of enchant weapon {unknown}
 r - a scroll of noise {unknown}
 t - a scroll of magic mapping {unknown}
Potions
 j - a potion of mutation
 l - a potion of invisibility {unknown}
 u - a potion of ambrosia {unknown}
 v - a potion of agility {unknown}
Comestibles
 c - 4 rations
 s - 2 chunks of flesh


   Skills:
 + Level 4.8 Fighting
 + Level 0.1 Short Blades
 + Level 5.4 Axes
 + Level 1.9 Armour
 + Level 3.1 Dodging
 + Level 1.8 Stealth


You had 4 spell levels left.
You didn't know any spells.
Your spell library was empty.

Dungeon Overview and Level Annotations

Branches:
Dungeon (3/15)

Altars:

Annotations:
D:2 Sigmund


Innate Abilities, Weirdness & Mutations

You can translocate small distances at will.
You are frail. (-10% HP)
You do not regenerate when monsters are visible.


Message History

You hit the orc priest but do no damage.
The orc priest is moderately wounded.
The orc priest hits you with a club.
You barely miss the orc priest.
The orc priest is moderately wounded.
The orc priest barely misses you.
An orc priest comes into view. It is wielding a flail.
Your chain mail prevents you from hitting the orc priest.
The orc priest is moderately wounded.
The orc priest shouts!
The orc priest hits you with a club.
The orc priest invokes the aid of Beogh against you.
Beogh smites you!
* * * LOW HITPOINT WARNING * * *
It was a potion of mutation.
You feel extremely strange.
You feel frail.
Your regeneration stops near monsters.
You feel jittery.
The orc priest mumbles some strange prayers to Beogh against you.
Beogh smites you!
You die...
Beogh appreciates the orc priest's killing of a heretic priest.

##...# .o..#
##...####
........###
....##.#.. .
..K##.#.# ..
#o##.#.# ...
#@.#.#.# (...
#....#.#####
.....##.........#
#........#.###.#
#######...#...#.#
#..)..).......#.#
#.#######.#####.##
#....<....>......#
#..###.###.####.##


You could see 2 orc priests and a kobold.

Vanquished Creatures
  An orc priest (D:3)
  3 gnolls (D:3)
  5 adders
  A dart slug (D:1)
  2 leopard geckos (D:3)
  3 orcs (D:3)
  2 ball pythons
  2 giant cockroaches
  7 goblins
  7 hobgoblins
  5 jackals (D:1)
  7 kobolds
  A quokka (D:3)
  6 bats
  A frilled lizard (D:2)
  4 rats
57 creatures vanquished.

Vanquished Creatures (others)
  An orc (D:3)
1 creature vanquished.

Grand Total: 58 creatures vanquished

Notes
Turn   | Place    | Note
-------+----------+-------------------------------------------
     0 | D:1      | Merlin the Hill Orc Monk began the quest for the Orb.
     0 | D:1      | Reached XP level 1. HP: 19/19 MP: 1/1
   426 | D:1      | Reached XP level 2. HP: 27/27 MP: 2/2
   755 | D:1      | Reached XP level 3. HP: 31/33 MP: 3/3
   990 | D:2      | Noticed Sigmund
  1219 | D:3      | Reached skill level 5 in Axes
  1220 | D:3      | Reached XP level 4. HP: 40/40 MP: 4/4
  1248 | D:3      | Reached skill level 1 in Armour
  1663 | D:3      | Reached XP level 5. HP: 41/47 MP: 5/5
  2026 | D:3      | Became a worshipper of Beogh the Brigand
  2026 | D:3      | Reached * piety under Beogh
  2026 | D:3      | Reached ** piety under Beogh
  2473 | D:3      | Gained mutation: You are frail. (-10% HP) [potion of
                  | mutation]
  2473 | D:3      | Gained mutation: You do not regenerate when monsters are
                  | visible. [potion of mutation]
  2473 | D:3      | Gained mutation: You can translocate small distances at
                  | will. [potion of mutation]
  2473 | D:3      | Killed from afar by an orc priest

Skill      XL: |  1  2  3  4 |
---------------+-------------+-----
Fighting       | 4 |  4.8
Axes           | 5 |  5.4
Dodging        | 3 |  3.1
Armour         | 1 |  1.9
Short Blades   | |  0.1
Stealth        | |  1.8

Action                   |  1- 3 |  4- 6 || total
-------------------------+-------+-------++-------
Melee: Hand axe          |   120 |    85 ||   205
       Short sword       |       |    29 ||    29
Throw: Javelin           |       |     1 ||     1
Invok: Smiting           |       |     1 ||     1
       Convert to Beogh  |       |     1 ||     1
  Use: Potion            |       |     3 ||     3
       Scroll            |       |     2 ||     2
 Stab: Sleeping          |     4 |       ||     4
  Eat: Chunk             |     1 |     4 ||     5
Armor: Leather armour    |    38 |     9 ||    47
       Ring mail         |       |     7 ||     7
       Chain mail        |       |     6 ||     6
Dodge: Dodged            |   101 |    73 ||   174
